 Dungeon Crawl Stone Soup version 0.29-a0-356-g7bc237e783 (webtiles) character file.

Game seed: 9828772681531725794

93 enile the Magician (level 4, -1/34 HPs)
             Began as a Gnoll Wanderer on Apr 26, 2022.
             Slain by an orc
             ... wielding a +0 falchion
              (5 damage)
             ... on level 2 of the Dungeon.
             The game lasted 00:03:43 (2648 turns).

enile the Magician (Gnoll Wanderer)                 Turns: 2648, Time: 00:03:44

Health: -1/34      AC:  7    Str:  7    XL:     4   Next: 61%
Magic:  6/11       EV: 13    Int: 10    God:
Gold:   61         SH:  6    Dex: 19    Spells: 12/13 levels left

rFire   + . .      SeeInvis .   a - +2 dagger
rCold   x . .      Faith    .   b - +0 buckler
rNeg    . . .      Spirit   .   d - +2 leather armour
rPois   .          Reflect  .   m - +2 hat
rElec   .          Harm     .   (no cloak)
rCorr   .          Rampage  .   (no gloves)
Will    .....                   (no boots)
Stlth   ++........              (no amulet)
HPRegen 0.11/turn               k - ring of fire
MPRegen 0.12/turn               (no ring)

@: no status effects
A: fangs 1, strong nose, distributed training
a: no special abilities


You were on level 2 of the Dungeon.
You visited 1 branch of the dungeon, and saw 3 of its levels.

You collected 61 gold pieces.

Inventory:

Hand Weapons
 a - a +2 dagger (weapon)
Missiles
 j - 2 javelins (quivered)
Armour
 b - a +0 buckler (worn)
 d - a +2 leather armour (worn)
 e - a +0 scale mail
 m - a +2 hat (worn)
Jewellery
 k - a ring of fire (left hand)
 o - a ring of magical power
Scrolls
 g - a scroll of vulnerability {unknown}
 h - a scroll of identify {unknown}
 i - a scroll of teleportation {unknown}
Potions
 c - a potion of resistance {unknown}
 f - a potion of invisibility {unknown}
 l - a potion of magic {unknown}
 n - a potion of curing {unknown}


   Skills:
 + Level 2.8 Fighting
 + Level 1.2 Short Blades
 + Level 1.2 Long Blades
 + Level 1.2 Axes
 + Level 1.2 Maces & Flails
 + Level 1.2 Polearms
 + Level 1.2 Staves
 + Level 1.2 Slings
 + Level 1.2 Bows
 + Level 1.2 Crossbows
 + Level 1.2 Throwing
 + Level 2.8 Armour
 + Level 4.6 Dodging
 + Level 1.2 Stealth
 + Level 4.6 Shields
 + Level 1.2 Unarmed Combat
 + Level 5.1 Spellcasting
 + Level 1.0 Conjurations
 + Level 1.0 Hexes
 + Level 1.0 Summonings
 + Level 1.0 Necromancy
 + Level 1.0 Translocations
 + Level 3.8 Transmutations
 + Level 1.0 Fire Magic
 + Level 1.0 Ice Magic
 + Level 1.0 Air Magic
 + Level 1.0 Earth Magic
 + Level 1.0 Poison Magic
 + Level 1.3 Invocations
 + Level 1.2 Evocations


You had 12 spell levels left.
You knew the following spells:

 Your Spells              Type           Power      Damage    Failure   Level
a - Sting                 Tmut/Pois      28%        1d4       16%         1

Your spell library contained the following spells:

 Spells                   Type           Power      Damage    Failure   Level
 Spider Form              Tmut/Pois      7%         N/A       43%         3


Dungeon Overview and Level Annotations

Branches:
Dungeon (3/15)

Altars:


Innate Abilities, Weirdness & Mutations

You have very sharp teeth.
Your uncanny sense of smell can sniff out nearby items.
Your experience applies equally to all skills.


Message History

The orc wizard is heavily wounded.
The orc looks more healthy.
The orc closely misses you.
The orc wizard casts a spell.
The orc wizard flickers and vanishes!
Deactivating autopickup; reactivate with Ctrl-A.
You hit the orc.
The orc is lightly wounded.
The orc hits you with a +0 falchion. Something hits you.
You miss something. You bite something. The orc hits you with a +0 falchion.
You hear some strange, mumbled words.
A puff of flame appears from out of thin air!
The puff of flame hits you. You resist.
You hit something. The orc misses you. Something hits you.
Casting: Sting (safe; 16% risk of failure)
Confirm with . or Enter, or press ? or * to list all spells.
Aiming: Sting (safe; 16% risk of failure)
Press: ? - help, Shift-Dir - straight line, f - orc
Aim: an orc, wielding a +0 falchion (lightly wounded, 68% to hit)
The sting hits the orc.
The orc is poisoned.
The orc is heavily wounded.
The orc hits you with a +0 falchion. You block something's attack.
Casting: Sting (safe; 16% risk of failure)
Confirm with . or Enter, or press ? or * to list all spells.
Aiming: Sting (safe; 16% risk of failure)
Press: ? - help, Shift-Dir - straight line, p - orc The sting hits the orc.
The orc is poisoned.
You kill the orc!
The orc closely misses you. Something hits you.
Casting: Sting (safe; 16% risk of failure)
Confirm with . or Enter, or press ? or * to list all spells.
Aiming: Sting (safe; 16% risk of failure)
Press: ? - help, Shift-Dir - straight line The sting hits something.
You block the orc's attack.
You hear some strange, mumbled words.
A magic dart appears from out of thin air!
The magic dart hits you!
* * * LOW HITPOINT WARNING * * *
It was a potion of cancellation.
You feel magically purged. The orc hits you with a +0 falchion.
You die...

############
#..........#
#.########.####
#.#...........#
..#.######.##.#########
..<.# #.#...o@{)...#
##.÷# ###.#..#######.#
#..# #...#..#######.#
#..# ##.###..#..<....#
##..###...##..#.#######
#...##.....#..#.#
#.............#.#
...........#.##.#
.......†.....##.#


You could see an orc (poisoned).

Vanquished Creatures
  2 adders (D:2)
  4 worms (D:2)
  2 dart slugs
  2 orcs
  3 endoplasms (D:1)
  A giant cockroach (D:1)
  4 goblins (D:1)
  3 hobgoblins (D:2)
  6 jackals
  3 quokkas
  5 ball pythons
  5 bats
  3 frilled lizards
  5 kobolds
  6 rats
54 creatures vanquished.

Vanquished Creatures (collateral kills)
  A giant cockroach (D:1)
  A goblin (D:1)
  A bat (D:1)
3 creatures vanquished.

Grand Total: 57 creatures vanquished

Notes
Turn   | Place    | Note
-------+----------+-------------------------------------------
     0 | D:1      | enile the Gnoll Wanderer began the quest for the Orb.
     0 | D:1      | enile set off with the following items: a +0 dagger, a +0
                  | buckler, a scroll of blinking, a +2 leather armour; and the
                  | following spell memorised: Sting; and the following spells
                  | available to memorise: Spider Form
     0 | D:1      | Reached XP level 1. HP: 17/17 MP: 6/6
   592 | D:1      | Reached XP level 2. HP: 22/23 MP: 7/7
  1055 | D:1      | Reached XP level 3. HP: 25/28 MP: 9/9
  1058 | D:1      | Reached skill level 5 in Spellcasting
  1476 | D:2      | Reached skill level 1 in Invocations
  1901 | D:2      | Reached skill level 1 in Short Blades
  1901 | D:2      | Reached skill level 1 in Long Blades
  1901 | D:2      | Reached skill level 1 in Axes
  1901 | D:2      | Reached skill level 1 in Maces & Flails
  1901 | D:2      | Reached skill level 1 in Polearms
  1901 | D:2      | Reached skill level 1 in Staves
  1901 | D:2      | Reached skill level 1 in Slings
  1901 | D:2      | Reached skill level 1 in Bows
  1901 | D:2      | Reached skill level 1 in Crossbows
  1901 | D:2      | Reached skill level 1 in Throwing
  1901 | D:2      | Reached skill level 1 in Stealth
  1901 | D:2      | Reached skill level 1 in Unarmed Combat
  1901 | D:2      | Reached skill level 1 in Evocations
  2059 | D:2      | Reached XP level 4. HP: 18/34 MP: 9/11
  2588 | D:2      | Reached skill level 1 in Conjurations
  2588 | D:2      | Reached skill level 1 in Hexes
  2588 | D:2      | Reached skill level 1 in Summonings
  2588 | D:2      | Reached skill level 1 in Necromancy
  2588 | D:2      | Reached skill level 1 in Translocations
  2588 | D:2      | Reached skill level 1 in Fire Magic
  2588 | D:2      | Reached skill level 1 in Ice Magic
  2588 | D:2      | Reached skill level 1 in Air Magic
  2588 | D:2      | Reached skill level 1 in Earth Magic
  2588 | D:2      | Reached skill level 1 in Poison Magic
  2648 | D:2      | Slain by an orc

Illustrated notes

Levels and vault maps discovered:
D:1:      dpeg_arrival_rooms_b, layout_rooms, minmay_tree_intersection
D:2:      layout_loops_ring
D:3:      layout_rooms, led_xom_imps

Skill      XL: |  1  2  3  4 |
---------------+-------------+-----
Spellcasting   | 5 |  5.1
Invocations    | 1 |  1.3
Short Blades   | 1 |  1.2
Long Blades    | 1 |  1.2
Axes           | 1 |  1.2
Maces & Flails | 1 |  1.2
Polearms       | 1 |  1.2
Staves         | 1 |  1.2
Slings         | 1 |  1.2
Bows           | 1 |  1.2
Crossbows      | 1 |  1.2
Throwing       | 1 |  1.2
Stealth        | 1 |  1.2
Unarmed Combat | 1 |  1.2
Evocations     | 1 |  1.2
Conjurations   | 1 |  1.0
Hexes          | 1 |  1.0
Summonings     | 1 |  1.0
Necromancy     | 1 |  1.0
Translocations | 1 |  1.0
Fire Magic     | 1 |  1.0
Ice Magic      | 1 |  1.0
Air Magic      | 1 |  1.0
Earth Magic    | 1 |  1.0
Poison Magic   | 1 |  1.0
Fighting       | |  2.8
Armour         | |  2.8
Dodging        | |  4.6
Shields        | |  4.6
Transmutations | |  3.8

Action                   |  1- 3 |  4- 6 || total
-------------------------+-------+-------++-------
Melee: Dagger            |   121 |    35 ||   156
       Bite              |    13 |     2 ||    15
Throw: Javelin           |     2 |       ||     2
 Cast: Sting             |    45 |    17 ||    62
  Use: Scroll            |     3 |     1 ||     4
       Potion            |       |     1 ||     1
 Stab: Sleeping          |     1 |     2 ||     3
Armor: Leather armour    |    52 |     7 ||    59
       Scale mail        |     7 |       ||     7
Dodge: Dodged            |   109 |    25 ||   134
Block: Buckler           |    42 |     9 ||    51

Table legend: (Time is in decaauts)
 A = Elapsed time spent in this place.
 B = Non-inter-level travel time spent in this place.
 C = Inter-level travel time spent in this place.
 D = Time resting spent in this place.
 E = Time spent auto-exploring this place.
 F = Levels seen in this place.
 G = Mean time per level.
                   A        B        C        D        E       F      G
               +--------+--------+--------+--------+--------+-----+--------+
         Total |   2650 |   2555 |     95 |    359 |   1729 |   3 |  883.3 |
       Dungeon |   2650 |   2555 |     95 |    359 |   1729 |   3 |  883.3 |
               +--------+--------+--------+--------+--------+-----+--------+

Top non-repeatable levels by time:
     D:1: 1441 daAuts
     D:2: 1178 daAuts
     D:3: 31 daAuts
